 Dungeon Crawl Stone Soup version 0.31-a0-743-g45f7035092 (webtiles) character file.

Game seed: 6309832977485241214

408 freelancePsychic the Ducker (level 7, -3/75 HPs)
             Began as a Djinni Shapeshifter on Sept 12, 2023.
             Was a Priest of Cheibriados.
             Slain by an orc wizard
             ... wielding a +1 dagger of speed
              (5 damage)
             ... on level 4 of the Dungeon.
             The game lasted 00:04:26 (3518 turns).

freelancePsychic the Ducker (Djinni Shapeshifter)   Turns: 3518, Time: 00:04:27

Health: -3/75      AC:  2    Str: 21    XL:     7   Next: 13%
Gold:   203        EV: 14    Int: 22    God:    Cheibriados [***...] SH:  0 Dex: 20

rFire   + +          .
                       - Unarmed
rCold   x . .        (no shield)
rNeg    . . .        a - +0 animal skin
rPois   ∞            (helmet currently unavailable)
rElec   .            (cloak currently unavailable)
rCorr   .            (gloves currently unavailable)
SInv    .            (boots unavailable)
Will    .....        (no amulet) Stlth
                     (no ring)
HPRegen 0.32/turn    (no ring)
MPRegen 0.00/turn

%: infuse magic (-4 HP)
@: berserking, beast-form, flying, very slow
A: beast (slay +1), flying, sickness immunity, fire resistance 2, cold
vulnerability 1, float, innate caster, HP casting, extra vitality 1
a: Begin Untransformation, Renounce Religion, Bend Time, Temporal Distortion


You were on level 4 of the Dungeon.
You worshipped Cheibriados.
Cheibriados was most pleased with you.
You were a hulking beast.
You visited 1 branch of the dungeon, and saw 4 of its levels.

You collected 203 gold pieces.

Inventory:

Armour
 a - a +0 animal skin (worn)
Talismans
 c - a beast talisman (active)
 d - a flux talisman
Scrolls
 b - 2 scrolls of amnesia {unknown}
 f - a scroll of noise
 g - a scroll of silence {unknown}
 j - 2 scrolls of fear
Potions
 e - a potion of ambrosia {unknown}
 h - 2 potions of heal wounds {unknown}
 i - a potion of degeneration {unknown}
 k - a potion of brilliance
 l - a potion of berserk rage
 m - a potion of magic {unknown}
 n - 2 potions of attraction
 o - a potion of invisibility {unknown}
 r - a potion of mutation {unknown}
 s - a potion of enlightenment {unknown}


   Skills:
 + Level 3.4 Fighting
 + Level 4.1 Dodging
 - Level 3.2 Unarmed Combat
 * Level 3.0 Spellcasting
 * Level 3.0 Conjurations
 * Level 3.0 Hexes
   Level 0.0 Charms
 * Level 3.0 Summonings
 * Level 3.0 Necromancy
 * Level 3.0 Translocations
 * Level 3.0 Transmutations
 * Level 3.0 Fire Magic
 * Level 3.0 Ice Magic
 * Level 3.0 Air Magic
 * Level 3.0 Earth Magic
 * Level 3.0 Poison Magic
 - Level 2.9 Shapeshifting


You knew the following spells:

 Your Spells              Type           Power      Damage    Failure   Level
a - Freeze                Ice            64%        1d7       3%          1
b - Momentum Strike       Conj/Tloc      32%        3d8       5%          2
c - Tukima's Dance        Hex            16%        N/A       11%         3
Your spell library was empty.

Dungeon Overview and Level Annotations

Branches:
Dungeon (4/15)
 Temple: D:4-7

Altars:
Cheibriados
Dithmenos
Nemelex Xobeh
Qazlal


Innate Abilities, Weirdness & Mutations

You are a hulking beast.
Your limbs bulge with bestial killing power. (Slay +1)
You are flying.
You are immune to sickness and miasma.
You are immune to poison.
Your flesh is very heat resistant. (rF++)
You are vulnerable to cold. (rC-)
You float through the air rather than walking.
You learn spells naturally, not from books.
Your magical power is your life essence.
You have superior vitality. (+4 MHP)


Message History

You hit the orc.
The orc is heavily wounded.
The orc barely misses you.
You hit the orc.
The orc is almost dead.
The orc hits you with a +0 short sword.
Your magical contamination has completely faded away.
You closely miss the orc.
The orc is almost dead.
The orc misses you.
You closely miss the orc.
The orc is almost dead.
The orc hits you with a +0 short sword.
You punch the orc!
You kill the orc!
Cheibriados appreciates the change of pace.
You closely miss something. Something barely misses you.
You miss something. Something hits you.
You hit something. Something hits you. Something barely misses you.
You closely miss something. Something hits you.
You closely miss something. Something hits you.
* * * LOW HITPOINT WARNING * * *
Casting: Tukima's Dance (dangerous; 11% risk of failure)
Confirm with . or Enter, or press ? or * to list all spells.
Aiming: Tukima's Dance (dangerous; 11% risk of failure)
Press: ? - help, Shift-Dir - straight line, f - orc
Aim: an orc, wielding a +0 short sword and wearing a +0 leather armour (chance to affect: 67%) Nothing appears to happen.
* * * LOW HITPOINT WARNING * * *
Something hits you.
* * * LOW HITPOINT WARNING * * *
You hear some strange, mumbled words.
A magic dart appears from out of thin air!
The magic dart hits you!
* * * LOW HITPOINT WARNING * * *
It was a potion of berserk rage.
A red film seems to cover your vision as you go berserk!
Cheibriados protects you from inadvertent hurry.
You feel mighty! Something hits you.
You die...

#####....###.....#...####.###
.# #....# #.....##........ ##
#....# ###'####.......# .#
#....# #.# #.......# .#
#....# #.# #.......# .#
###### #.# #.......# ## #.#
#.......# .#
#.####o......##.## ##
#..h{oo........... .#
######..........## ###
#.......##.# #.# #..........
#.# #........#.. #.#
######+#.# .. ..# .# # ### .#


You could see 3 orcs.

Vanquished Creatures
  A black bear (D:4)
  An ogre (D:3)
  A scorpion (D:4)
  An orc priest (D:4)
  An iguana (D:4)
  A white imp (D:3)
  A worm (D:3)
  3 dart slugs
  10 orcs
  5 ball pythons
  3 endoplasms
  2 giant cockroaches
  8 hobgoblins
  10 jackals
  9 kobolds
  6 quokkas
  6 bats
  5 frilled lizards
  6 goblins
  4 rats
84 creatures vanquished.

Notes
Turn   | Place    | Note
-------+----------+-------------------------------------------
     0 | D:1      | freelancePsychic the Djinni Shapeshifter began the quest
                  | for the Orb.
     0 | D:1      | Reached XP level 1. HP: 17/17 MP: 0/0
    88 | D:1      | Reached XP level 2. HP: 7/22 MP: 0/0
   355 | D:1      | Reached XP level 3. HP: 23/27 MP: 0/0
   355 | D:1      | Learned a level 1 spell: Freeze
   411 | D:1      | Found a faded altar of an unknown god.
   606 | D:1      | Prayed at the altar of an unknown god.
   606 | D:1      | Became a worshipper of Cheibriados the Contemplative
   606 | D:1      | Reached * piety under Cheibriados
  1299 | D:2      | Reached XP level 4. HP: 33/33 MP: 0/0
  1410 | D:3      | Found a stormy altar of Qazlal.
  1422 | D:3      | Reached skill level 1 in Spellcasting
  1422 | D:3      | Reached skill level 1 in Conjurations
  1422 | D:3      | Reached skill level 1 in Hexes
  1422 | D:3      | Reached skill level 1 in Summonings
  1422 | D:3      | Reached skill level 1 in Necromancy
  1422 | D:3      | Reached skill level 1 in Translocations
  1422 | D:3      | Reached skill level 1 in Transmutations
  1422 | D:3      | Reached skill level 1 in Fire Magic
  1422 | D:3      | Reached skill level 1 in Ice Magic
  1422 | D:3      | Reached skill level 1 in Air Magic
  1422 | D:3      | Reached skill level 1 in Earth Magic
  1422 | D:3      | Reached skill level 1 in Poison Magic
  1509 | D:3      | Reached ** piety under Cheibriados
  1990 | D:3      | Noticed an ogre
  2018 | D:3      | Killed an ogre
  2019 | D:3      | Reached skill level 3 in Dodging
  2019 | D:3      | Reached XP level 5. HP: 15/39 MP: 0/0
  2019 | D:3      | Learned a level 2 spell: Momentum Strike
  2302 | D:3      | Reached *** piety under Cheibriados
  2698 | D:4      | Noticed a black bear
  2710 | D:4      | Killed a black bear
  2711 | D:4      | Reached XP level 6. HP: 17/46 MP: 0/0
  2858 | D:4      | Reached skill level 4 in Dodging
  3118 | D:4      | Reached XP level 7. HP: 21/50 MP: 0/0
  3118 | D:4      | Learned a level 3 spell: Tukima's Dance
  3255 | D:4      | Found a shadowy altar of Dithmenos.
  3344 | D:4      | Found a sparkling altar of Nemelex Xobeh.
  3517 | D:4      | HP: 1/50 [something/magic dart (8)]
  3518 | D:4      | Slain by an orc wizard

Illustrated notes

Levels and vault maps discovered:
D:1:      amcnicky_arrival_double_pillar, layout_rooms,
          ebering_ecumenical_altar_box
D:2:      layout_loops_ring
D:3:      layout_basic, grunt_qazlal_clouds
D:4:      layout_basic, nicolae_overflow_crystal_walls,
          nicolae_dithmenos_shadow_blocks, minmay_misc_feat_alley,
          minmay_misc_feat_tiny

Skill      XL: |  1  2  3  4  5  6  7 |
---------------+----------------------+-----
Fighting       | 2 3 |  3.4
Spellcasting   | 2 3 |  3.0
Conjurations   | 2 3 |  3.0
Hexes          | 2 3 |  3.0
Summonings     | 2 3 |  3.0
Necromancy     | 2 3 |  3.0
Translocations | 2 3 |  3.0
Transmutations | 2 3 |  3.0
Fire Magic     | 2 3 |  3.0
Ice Magic      | 2 3 |  3.0
Air Magic      | 2 3 |  3.0
Earth Magic    | 2 3 |  3.0
Poison Magic   | 2 3 |  3.0
Dodging        | 3 4 |  4.1
Unarmed Combat | |  3.2
Shapeshifting  | |  2.9

Action                     |  1- 3 |  4- 6 |  7- 9 || total
---------------------------+-------+-------+-------++-------
  Melee: Unarmed           |    85 |    83 |    30 ||   198
         Punch             |     2 |     2 |       ||     4
   Cast: Freeze            |     9 |    22 |       ||    31
         Momentum Strike   |       |    10 |     3 ||    13
         Tukima's Dance    |       |       |     4 ||     4
    Use: Scroll            |     1 |     5 |       ||     6
         Potion            |       |     7 |     1 ||     8
 Armour: Animal skin       |    56 |    44 |    28 ||   128
         Skin              |       |    10 |       ||    10
  Dodge: Dodged            |    66 |    84 |    30 ||   180

Table legend: (Time is in decaauts)
 A = Elapsed time spent in this place.
 B = Non-inter-level travel time spent in this place.
 C = Inter-level travel time spent in this place.
 D = Time resting spent in this place.
 E = Time spent auto-exploring this place.
 F = Levels seen in this place.
 G = Mean time per level.
                   A        B        C        D        E       F      G
               +--------+--------+--------+--------+--------+-----+--------+
         Total |   4397 |   4161 |    236 |      0 |   3496 |   4 | 1099.2 |
       Dungeon |   4397 |   4161 |    236 |      0 |   3496 |   4 | 1099.2 |
               +--------+--------+--------+--------+--------+-----+--------+

Top non-repeatable levels by time:
     D:3: 1664 daAuts
     D:4: 1119 daAuts
     D:2: 966 daAuts
     D:1: 647 daAuts
